Map: Lerilak Crest

Players

EJK - Winner!

  • Race: Terran Terran
  • League: Master

제시카알바

  • Race: Protoss Protoss
  • League: Master

VOD

Have the link to the VOD?

Description

Time

  • Played on: Feb. 6, 2016, 11:31 a.m.
  • Length: 17:57
Show
View Real Time Build Order
Export as new Build Order

EJK Terran - Winner!

Build Orders: Cyclone Opening, Mech 

Get SALT Encoding   

  12  0:01  SCV  
  13  0:13  SCV  
  14  0:17  Supply Depot  
  14  0:25  SCV  
  15  0:29  Refinery  
  15  0:39  SCV  
  16  0:45  Barracks  
  16  0:51  SCV  
  17  1:03  SCV  
  18  1:15  SCV  
  19  1:32  Orbital Command, Marine  
  20  1:33  Factory  
  20  1:56  Command Center  
  20  1:58  SCV  
  21  2:10  Supply Depot, Marine  
  21  2:12  SCV  
  23  2:17  Factory Tech Lab  
  23  2:32  SCV, Marine  
  23  2:36  Cyclone  
  28  2:39  Supply Depot  
  28  2:40  Refinery  
  28  2:44  SCV  
  28  2:50  Marine  
  30  2:57  SCV  
  31  3:08  Orbital Command  
  31  3:10  SCV  
  31  3:11  Marine  
  33  3:18  Cyclone  
  36  3:23  SCV  
  37  3:29  Marine  
  38  3:37  SCV x2  
  40  3:44  Command Center  
  40  3:49  Reaper, SCV x2  
  40  3:55  Siege Tank  
  46  4:02  SCV x2  
  48  4:05  Supply Depot  
  48  4:08  Refinery  
  48  4:14  SCV x2  
  50  4:23  Engineering Bay  
  50  4:26  SCV x2, Barracks Reactor  
  50  4:27  Siege Tank  
  55  4:38  SCV x2  
  56  4:39  Starport  
  56  4:43  Supply Depot  
  57  4:48  Refinery  
  57  4:50  SCV x2  
  59  4:59  Siege Tank  
  61  5:01  Orbital Command  
  61  5:02  SCV  
  61  5:03  SCV  
  61  5:04  Bunker  
  63  5:07  Marine  
  63  5:08  Marine  
  63  5:12  Factory  
  65  5:14  SCV  
  65  5:15  SCV  
  65  5:19  Medivac  
  69  5:26  SCV  
  69  5:27  SCV  
  47  5:28  Orbital Command  
  71  5:29  Supply Depot  
  71  5:31  Siege Tank  
  71  5:35  Marine x2  
  76  5:41  SCV x2  
  78  5:48  Supply Depot  
  78  5:49  Medivac  
  80  5:50  Supply Depot  
  80  5:53  SCV x2  
  82  5:57  Factory Tech Lab  
  82  5:58  SCV  
  82  6:00  Factory  
  83  6:05  Missile Turret, SCV x2  
  83  6:08  Siege Tank  
  88  6:12  Missile Turret  
  88  6:14  SCV  
  88  6:17  SCV x2  
  91  6:19  Refinery  
  91  6:20  Missile Turret, Marine  
  91  6:21  Marine  
  91  6:22  Refinery  
  93  6:27  SCV  
  93  6:29  SCV x2  
  93  6:31  Medivac  
  93  6:32  Supply Depot  
  100  6:40  SCV  
  100  6:41  SCV x2, Siege Tank  
  100  6:43  Missile Turret  
  104  6:52  Widow Mine, SCV  
  104  6:53  Widow Mine, SCV x2  
  111  6:54  Siege Tank  
  114  7:02  Supply Depot, Factory  
  114  7:05  Factory  
  114  7:06  SCV x2  
  114  7:08  Missile Turret, SCV  
  117  7:10  Starport Reactor  
  117  7:24  SCV x3, Siege Tank  
  117  7:26  Supply Depot  
  117  7:29  Widow Mine  
  123  7:33  Armory  
  123  7:34  Supply Depot  
  123  7:36  Supply Depot  
  125  7:44  SCV, Command Center  
  125  7:47  Widow Mine  
  125  7:48  Siege Tank  
  125  7:49  Factory Reactor, Factory Tech Lab  
  125  7:50  Supply Depot  
  130  7:52  Infernal Pre-Igniter  
  130  7:56  Siege Tank  
  133  7:59  Hellion  
  135  8:06  Viking x2  
  135  8:07  Siege Tank  
  135  8:12  Missile Turret  
  142  8:16  Hellion  
  144  8:20  Siege Tank  
  144  8:24  Hellion  
  149  8:28  Siege Tank  
  149  8:33  Terran Vehicle Weapons Level 1  
  152  8:36  Viking  
  152  8:38  Hellion  
  156  8:41  Supply Depot x2  
  156  8:42  Missile Turret  
  156  8:43  Supply Depot  
  156  8:45  Missile Turret, Sensor Tower  
  156  8:47  Missile Turret x2  
  156  8:56  Siege Tank x2, Hellion x3  
  156  8:59  Hellion  
  156  9:00  Hellion  
  168  9:17  Hellion x3  
  168  9:20  Hellion  
  168  9:22  Sensor Tower, Siege Tank  
  177  9:25  Missile Turret  
  177  9:26  Viking  
  177  9:27  Viking, Missile Turret  
  177  9:28  Siege Tank x2  
  181  9:37  Command Center  
  181  9:39  Liberator  
  181  9:41  Hellion x3  
  181  9:42  Hellion  
  189  9:48  Refinery  
  189  9:54  Hellion  
  194  10:00  Refinery  
  194  10:07  Planetary Fortress  
  194  10:09  Liberator  
  194  10:13  Bunker x2  
  194  10:14  Command Center  
  194  10:15  Hellion  
  194  10:19  Armory  
  196  10:27  Siege Tank  
  196  10:28  Hellion  
  195  10:29  Hellion  
  195  10:34  Siege Tank x2  
  159  10:37  Hellion x2  
  159  10:38  Liberator  
  159  10:39  SCV x2  
  138  10:45  SCV x2  
  138  10:49  Hellion  
  142  10:50  Hellion  
  142  10:51  SCV x2  
  142  10:53  Terran Vehicle Weapons Level 2  
  149  10:57  SCV x2  
  149  10:58  Liberator  
  149  10:59  Siege Tank  
  154  11:06  Siege Tank x2  
  154  11:10  Hellion x2  
  158  11:14  Terran Vehicle And Ship Armor Level 1  
  157  11:31  Siege Tank  
  155  11:40  Siege Tank x2  
  155  11:41  Hellion x4  
  164  11:50  Missile Turret  
  164  11:53  Orbital Command  
  164  12:00  Viking x2  
  168  12:05  Barracks Reactor  
  168  12:08  Siege Tank  
  171  12:13  Planetary Fortress, Starport  
  171  12:18  Liberator  
  169  12:24  Siege Tank x2  
  173  12:33  Sensor Tower  
  173  12:34  Hellion x3  
  173  12:35  Hellion  
  184  12:39  Refinery x2  
  184  13:12  Siege Tank x3  
  192  13:23  Hellion x2  
  192  13:24  Hellion x2  
  192  13:25  Viking x2  
  125  13:44  Siege Tank x3  
  125  13:45  Hellion x4  
  139  13:52  Missile Turret  
  139  13:54  Missile Turret  
  139  13:55  Viking x2  
  127  14:07  Sensor Tower  
  125  14:10  Hellion x4  
  125  14:16  Siege Tank x3  
  142  14:17  Terran Vehicle Weapons Level 3  
  142  14:21  Terran Vehicle And Ship Armor Level 2  
  142  14:34  Viking x2  
  142  14:35  Viking x2  
  150  14:43  Hellion  
  152  14:45  Hellion  
  152  14:46  Hellion  
  152  14:48  Siege Tank x3  
  159  14:55  Missile Turret  
  159  15:00  Missile Turret  
  159  15:04  Viking x2  
  159  15:05  Viking x2  
  167  15:08  Hellion x2  
  173  15:14  Hellion  
  173  15:20  Siege Tank  
  176  15:22  Siege Tank x2  
  176  15:26  Hellion  
  180  15:39  Viking, Hellion x3  
  188  15:47  Hellion  
  190  15:52  Siege Tank  
  190  15:54  Siege Tank  
  190  15:55  Liberator x2  
  190  16:07  Siege Tank  
  190  16:08  Hellion x4  
  164  16:13  Viking x2  
  160  16:24  Siege Tank  
  147  16:26  Siege Tank  
  147  16:29  Hellion x3  
  149  16:39  Siege Tank  
  150  16:51  Command Center  
  150  16:54  Hellion x3, Liberator x2  
  156  16:56  Siege Tank  
  156  16:59  Siege Tank  
  156  17:13  Siege Tank  
Show
View Real Time Build Order
Export as new Build Order

제시카알바 Protoss 

Build Orders: 1 Gate Expand 

Get SALT Encoding   

  12  0:00  Probe (Chrono Boost)  
  13  0:11  Probe (Chrono Boost)  
  14  0:18  Pylon  
  14  0:22  Probe (Chrono Boost)  
  15  0:36  Probe (Chrono Boost)  
  15  0:37  Gateway  
  16  0:46  Probe (Chrono Boost)  
  16  0:47  Assimilator  
  18  0:57  Probe (Chrono Boost)  
  18  1:07  Probe (Chrono Boost)  
  19  1:19  Nexus  
  19  1:25  Probe (Chrono Boost)  
  20  1:35  Cybernetics Core, Probe (Chrono Boost)  
  21  1:42  Assimilator  
  21  1:46  Probe (Chrono Boost)  
  22  1:56  Probe (Chrono Boost)  
  23  2:01  Pylon  
  23  2:19  Probe (Chrono Boost)  
  23  2:21  Stalker  
  26  2:27  Warp Gate  
  25  2:30  Probe (Chrono Boost)  
  25  2:31  Probe (Chrono Boost)  
  27  2:39  Robotics Facility  
  27  2:42  Probe (Chrono Boost)  
  29  2:45  Mothership Core (Chrono Boost)  
  30  2:51  Stalker  
  30  2:52  Probe (Chrono Boost)  
  33  3:03  Probe (Chrono Boost)  
  33  3:04  Probe (Chrono Boost)  
  35  3:13  Probe (Chrono Boost)  
  35  3:14  Probe (Chrono Boost), Pylon  
  37  3:21  Stalker  
  37  3:23  Probe (Chrono Boost)  
  37  3:25  Probe (Chrono Boost)  
  37  3:26  Observer (Chrono Boost)  
  42  3:33  Probe  
  42  3:36  Probe, Pylon  
  44  3:43  Probe  
  45  3:48  Probe  
  45  3:51  Stalker  
  45  3:53  Observer (Chrono Boost)  
  45  3:54  Probe  
  49  4:01  Probe  
  51  4:03  Twilight Council  
  51  4:04  Forge  
  51  4:05  Probe (Chrono Boost)  
  52  4:13  Nexus, Probe (Chrono Boost)  
  54  4:17  Probe (Chrono Boost)  
  54  4:19  Assimilator  
  54  4:24  Assimilator  
  54  4:27  Observer, Probe (Chrono Boost)  
  54  4:28  Probe (Chrono Boost)  
  57  4:34  Pylon  
  57  4:38  Pylon  
  57  4:41  Gateway  
  57  4:43  Gateway  
  57  4:46  Blink (Chrono Boost)  
  57  4:48  Probe  
  57  4:49  Probe  
  59  4:58  Probe  
  59  5:02  Probe  
  61  5:09  Probe  
  61  5:10  Protoss Ground Weapons Level 1  
  61  5:13  Forge  
  61  5:14  Probe  
  63  5:17  Robotics Facility  
  63  5:22  Stalker, Probe  
  63  5:25  Probe  
  63  5:26  Probe  
  68  5:29  Pylon  
  68  5:32  Probe  
  69  5:38  Probe  
  69  5:44  Probe  
  69  5:48  Protoss Ground Armor Level 1, Probe  
  70  5:50  Probe  
  70  5:53  Assimilator  
  70  5:55  Probe  
  73  5:58  Observer (Chrono Boost), Assimilator  
  73  5:59  Probe  
  73  6:02  Probe, Pylon  
  76  6:04  Photon Cannon  
  76  6:07  Probe  
  76  6:08  Immortal (Chrono Boost)  
  85  6:19  Immortal (Chrono Boost)  
  85  6:21  Probe  
  85  6:22  Probe  
  85  6:24  Stalker  
  89  6:26  Nexus  
  89  6:28  Pylon  
  89  6:33  Probe  
  89  6:34  Probe  
  89  6:35  Probe  
  89  6:37  Photon Cannon  
  92  6:43  Observer (Chrono Boost)  
  93  6:49  Gateway x2  
  93  6:53  Immortal (Chrono Boost)  
  97  6:57  Pylon  
  97  6:58  Pylon  
  101  7:01  Immortal (Chrono Boost)  
  101  7:05  Stalker x3  
  107  7:20  Protoss Ground Weapons Level 2  
  107  7:24  Probe  
  107  7:26  Templar Archives, Probe x2  
  107  7:27  Immortal (Chrono Boost)  
  114  7:36  Immortal (Chrono Boost)  
  118  7:46  Stalker x3  
  118  7:49  Gateway  
  118  7:50  Gateway  
  124  7:51  Pylon  
  124  7:52  Pylon  
  124  8:01  Warp Prism (Chrono Boost)  
  124  8:03  Gateway  
  124  8:05  Gateway  
  126  8:06  Probe x2  
  126  8:08  Probe x2  
  126  8:09  Warp Prism (Chrono Boost), Gateway  
  132  8:13  Pylon  
  132  8:14  Pylon  
  119  8:25  Probe  
  119  8:26  Probe x2  
  119  8:27  Probe  
  123  8:36  Probe x2  
  123  8:38  Probe  
  123  8:39  Probe  
  123  8:41  Gateway  
  127  8:44  Warp Prism (Chrono Boost), Gateway  
  127  8:45  Immortal (Chrono Boost)  
  127  8:46  Probe  
  134  8:51  Probe  
  134  8:52  Probe x2  
  132  8:57  Probe  
  133  9:06  Protoss Ground Armor Level 2  
  132  9:11  High Templar x6  
  132  9:16  Immortal (Chrono Boost)  
  148  9:19  Archon x3, Warp Prism (Chrono Boost)  
  150  9:29  Probe x2  
  150  9:30  Probe x2  
  154  9:37  High Templar x4  
  162  9:41  Assimilator  
  162  9:42  Archon  
  162  9:43  Archon  
  162  9:46  Assimilator, High Templar x2  
  162  9:49  Photon Cannon  
  162  9:51  Archon  
  166  9:52  Photon Cannon  
  166  9:53  Stalker x4  
  166  9:54  Stalker x2  
  166  9:57  Pylon  
  166  9:58  Pylon  
  166  9:59  Pylon  
  178  10:01  Pylon  
  154  10:32  Stalker x3  
  154  10:33  Stalker x3  
  101  10:46  Immortal (Chrono Boost)  
  101  10:48  Immortal (Chrono Boost)  
  101  10:49  Stalker x2  
  107  10:50  Stalker x7  
  107  10:51  Stalker  
  107  10:52  Stalker  
  122  11:21  Immortal (Chrono Boost), Probe x2  
  122  11:22  Immortal (Chrono Boost), Probe  
  122  11:23  Probe  
  134  11:26  Protoss Ground Weapons Level 3, Protoss Ground Armor Level 3  
  125  11:46  Stalker x2  
  121  11:47  Stalker x5  
  121  11:48  Stalker x5  
  141  11:54  Warp Prism (Chrono Boost)  
  141  11:55  Warp Prism (Chrono Boost)  
  141  12:00  Nexus  
  145  12:02  Pylon  
  145  12:07  Pylon  
  145  12:13  Stalker x4  
  145  12:14  Stalker  
  155  12:25  Warp Prism (Chrono Boost)  
  155  12:26  Warp Prism (Chrono Boost)  
  159  12:31  Stalker x5  
  159  12:32  Stalker  
  171  12:52  High Templar x4  
  171  12:53  High Templar  
  171  12:54  High Templar  
  171  12:56  Archon x2  
  183  12:59  Archon  
  183  13:09  Stalker x2  
  183  13:10  Stalker x4  
  141  13:28  Stalker  
  141  13:29  Stalker x5  
  115  13:44  Probe x3  
  115  13:45  Probe x2  
  106  14:04  Immortal (Chrono Boost)  
  106  14:05  Immortal (Chrono Boost)  
  106  14:08  Probe x3  
  106  14:09  Probe x2  
  119  14:12  High Templar  
  119  14:13  High Templar x3  
  127  14:21  Assimilator  
  127  14:26  Assimilator  
  127  14:27  Archon  
  127  14:28  Archon  
  127  14:30  Pylon  
  127  14:34  Stalker x3  
  127  14:35  Photon Cannon  
  137  14:38  Immortal (Chrono Boost)  
  137  14:39  Immortal (Chrono Boost)  
  140  15:11  High Templar x5  
  140  15:12  High Templar  
  152  15:19  Archon x2  
  152  15:20  Archon, Stalker x2  
  152  15:21  Stalker x3  
  162  15:23  Stalker, Nexus  
  161  15:43  Pylon  
  161  15:45  Pylon  
  161  15:50  Stalker x3  
  161  15:51  Stalker x4  
  161  15:52  Stalker  
  161  15:53  Stalker  
  101  16:27  Stalker x2  
  101  16:28  Stalker x5  
  101  16:29  Stalker x5  
  121  16:47  Immortal (Chrono Boost)  
  121  16:48  Immortal (Chrono Boost)  
  107  17:10  Probe x2  
  107  17:11  Probe x2  
  107  17:12  Probe  
  107  17:14  High Templar x4  
  107  17:15  High Templar x3  
  124  17:17  High Templar  
  124  17:18  Archon x2  
  124  17:19  Archon  
  124  17:22  Archon  
  126  17:25  Nexus  
  126  17:35  Stalker x2  
  126  17:36  Stalker x2  
Tags
 
Add a new tag
Caveats
  • Supply blocks, unpowered buildings, or Contaminate may cause inaccurate times.
  • Supply counts are checked every 10 seconds.